 Dungeon Crawl Stone Soup version 0.29-a0-330-g52719c12eb (webtiles) character file.

Game seed: 7122708562921977140

40 kae the Firebug (level 3, -5/28 HPs)
             Began as a Demigod Fire Elementalist on Apr 21, 2022.
             Killed from afar by Sigmund (8 damage)
             ... with a puff of flame
             ... on level 2 of the Dungeon.
             The game lasted 00:00:53 (2058 turns).

kae the Firebug (Demigod Fire Elementalist)         Turns: 2058, Time: 00:00:54

Health: -5/28      AC:  4    Str:  9    XL:     3   Next: 14%
Magic:  8/8        EV: 12    Int: 21    God:
Gold:   30         SH:  0    Dex: 14    Spells: 5/6 levels left

rFire   . . .      SeeInvis .   j - +0 dagger (speed)
rCold   . . .      Faith    .   (no shield)
rNeg    . . .      Spirit   .   a - +1 robe
rPois   .          Reflect  .   (no helmet)
rElec   .          Harm     .   (no cloak)
rCorr   .          Rampage  +   (no gloves)
Will    .....                   k - +0 pair of boots {rampage}
Stlth   +.........              (no amulet)
HPRegen 0.09/turn               (no ring)
MPRegen 0.11/turn               (no ring)

@: confused, attractive
A: high MP 1, forlorn, divine attributes
a: no special abilities


You were on level 2 of the Dungeon.
You visited 1 branch of the dungeon, and saw 2 of its levels.

You collected 30 gold pieces.

Inventory:

Hand Weapons
 f - a +0 dagger of pain
 j - a +0 dagger of speed (weapon)
Armour
 a - a +1 robe (worn)
 k - a +0 pair of boots of rampaging (worn)
Jewellery
 d - a ring of flight
Scrolls
 e - 2 scrolls of amnesia
 g - a scroll of noise
Potions
 b - a potion of magic


   Skills:
 + Level 1.0 Fighting
 - Level 1.7 Dodging
 - Level 1.7 Stealth
 + Level 2.1 Spellcasting
 + Level 1.4 Conjurations
 * Level 3.3 Fire Magic


You had 5 spell levels left.
You knew the following spells:

 Your Spells              Type           Power      Damage    Failure   Level
a - Foxfire               Conj/Fire      48%        2x1d6     5%          1

Your spell library contained the following spells:

 Spells                   Type           Power      Damage    Failure   Level
 Scorch                   Fire           32%        2d6       5%          2
 Conjure Flame            Conj/Fire      12%        6-21      17%         3
 Inner Flame              Hex/Fire       9%         N/A       22%         3
 Flame Wave               Conj/Fire      12%        2d6       50%         4


Dungeon Overview and Level Annotations

Branches:
Dungeon (2/15)

Annotations:
D:2 Sigmund


Innate Abilities, Weirdness & Mutations

You have an increased reservoir of magic. (+10% MP)
You shall have no god before yourself.
Your divine heritage dramatically boosts your attributes as you level up.


Message History

k - a +0 pair of boots of rampaging You start putting on your armour.
You continue putting on your +0 pair of boots of rampaging.
Sigmund shouts!
You continue putting on your +0 pair of boots of rampaging. x2
Sigmund gestures at you while chanting. The puff of flame hits you!
You continue putting on your +0 pair of boots of rampaging.
You finish putting on your +0 pair of boots of rampaging.
You feel ready to rampage towards enemies.
As you read the scroll labelled WIOSOMA VOC, it crumbles to dust.
It is a scroll of identify.
g - a scroll of noise Sigmund casts a spell at you.
You resist with some effort.
Okay, then.
It was a potion of attraction.
You feel attractive to monsters.
Sigmund screams, "I am the angel of ZOT!!!"
Sigmund is attracted toward you.
It was a potion of curing.
You feel better. Sigmund barely misses you.
Sigmund hits you from afar with a +0 scythe!
Sigmund is attracted toward you. Sigmund is attracted toward you.
Sigmund attacks as you move away! Sigmund hits you with a +0 scythe!
* * * LOW HITPOINT WARNING * * *
Sigmund closely misses you. Sigmund is attracted toward you.
Sigmund is attracted toward you. Sigmund attacks as you move away!
Sigmund misses you. Sigmund casts a spell at you.
You are confused.
Sigmund is attracted toward you.
Okay, then.
You are too confused!
You barely miss Sigmund. You hit Sigmund.
Sigmund is lightly wounded.
Sigmund gestures at you while chanting. The puff of flame hits you!
You die...

### #S##.. #§# ≈#.#...
#.# ...... #.# #.... #.#
#.... ###########.#
≈≈#.^.. .........##.#
≈≈≈..?.##########.##.#
≈≈≈.........§§§@@.##.#
≈≈≈≈#########......÷.###
≈ #.##.......#
#........#.#
########....#.#.# #####
#.......#.....#.# ....#
#.#####.#######.# ###.#
#...............# #.#
#######.#########


You could see Sigmund.

Vanquished Creatures
  3 ball pythons (D:1)
  5 bats
  5 endoplasms
  3 giant cockroaches
  5 goblins (D:1)
  3 hobgoblins (D:1)
  3 jackals (D:1)
  2 frilled lizards (D:1)
  3 kobolds
  2 rats
34 creatures vanquished.

Vanquished Creatures (others)
  118 foxfires
118 creatures vanquished.

Grand Total: 152 creatures vanquished

Notes
Turn   | Place    | Note
-------+----------+-------------------------------------------
     0 | D:1      | kae the Demigod Fire Elementalist began the quest for the
                  | Orb.
     0 | D:1      | Reached XP level 1. HP: 14/14 MP: 5/5
   106 | D:1      | Reached skill level 1 in Conjurations
   341 | D:1      | Reached skill level 3 in Fire Magic
   341 | D:1      | Reached XP level 2. HP: 10/22 MP: 0/7
  1740 | D:2      | Reached XP level 3. HP: 27/27 MP: 6/8
  1878 | D:2      | Reached skill level 1 in Fighting
  2038 | D:2      | Noticed Sigmund
  2058 | D:2      | Killed from afar by Sigmund

Illustrated notes

Levels and vault maps discovered:
D:1:      dpeg_arrival_water_fire, layout_loops_corners
D:2:      wander_river, layout_basic, basic_ecumenical_altar, uniq_sigmund

Skill      XL: |  1  2  3 |
---------------+----------+-----
Conjurations   | 1 |  1.4
Fire Magic     | 3 |  3.3
Spellcasting   | 2 |  2.1
Fighting       | 1 |  1.0
Dodging        | |  1.7
Stealth        | |  1.7

Action                   || total
-------------------------++-------
Melee: Unarmed           ||     1
       Dagger            ||     2
 Cast: Foxfire           ||    74
  Use: Scroll            ||     6
       Potion            ||     2
Armor: Robe              ||     1
Dodge: Dodged            ||    16

Table legend: (Time is in decaauts)
 A = Elapsed time spent in this place.
 B = Non-inter-level travel time spent in this place.
 C = Inter-level travel time spent in this place.
 D = Time resting spent in this place.
 E = Time spent auto-exploring this place.
 F = Levels seen in this place.
 G = Mean time per level.
                   A        B        C        D        E       F      G
               +--------+--------+--------+--------+--------+-----+--------+
         Total |   2057 |   1986 |     71 |      0 |   1735 |   2 | 1028.5 |
       Dungeon |   2057 |   1986 |     71 |      0 |   1735 |   2 | 1028.5 |
               +--------+--------+--------+--------+--------+-----+--------+

Top non-repeatable levels by time:
     D:1: 1725 daAuts
     D:2: 331 daAuts
